 Dungeon Crawl Stone Soup version 0.30-a0-571-gdf30a72648 (webtiles) character file.

Game seed: 15210976399534572282

238514 Shayle the Fighter (level 19, 0/182 HPs)
             Began as a Naga Ice Elementalist on Dec 29, 2022.
             Was the Champion of Cheibriados.
             Slain by a stone giant skeleton (17 damage)
             ... on level 3 of the Abyss.
             The game lasted 02:31:31 (48231 turns).

Shayle the Fighter (Naga Ice Elementalist)         Turns: 48231, Time: 02:31:32

Health: 0/182      AC: 42    Str: 31    XL:     19   Next: 27%
Magic:  13/36      EV: 14    Int: 49    God:    Cheibriados [******]
Gold:   3371       SH:  7    Dex: 28    Spells: 17/45 levels left

rFire   + . .      SeeInvis +    u - +4 dagger (venom)
rCold   . . .      Faith    .    I - +0 buckler
rNeg    + . .      Spirit   .    V - +3 leather armour {rF+}
rPois   +          Reflect  .    K - +2 hat {Int+3}
rElec   .          Harm     .    M - +1 cloak
rCorr   .          Rampage  .    r - +1 pair of gloves
Will    ++...                    w - +4 barding
Stlth   +++++                    (no amulet)
HPRegen 0.50/turn                n - ring "Wodwuche" {rPois Str+6 Int+4}
MPRegen 0.25/turn                A - ring "Daopev" {+Blink rPois rN+ Int+6}

@: mighty, ice-armoured, very slow
A: AC +6, large, see invisible, deformed body, poison resistance, slowness 2,
spit poison 1, naga tail 2, iridescent scales 2, clumsy 1
}: 2/15 runes: decaying, gossamer
a: Spit Poison, Renounce Religion, Evoke Blink, Bend Time, Temporal Distortion,
Slouch, Step From Time


You were on level 3 of the Abyss.
You worshipped Cheibriados.
Cheibriados was exalted by your worship.
You visited 7 branches of the dungeon, and saw 32 of its levels.
You visited the Abyss 1 time.
You also visited: Sewer.

You collected 4325 gold pieces.
You spent 954 gold pieces at shops.

Inventory:

Hand Weapons
 a - the +8 falchion of Woxem {spect, Will+ Dex+3}
   (You found it on level 14 of the Dungeon)

   When its wielder attacks, the weapon's spirit leaps out and strikes again.
   The spirit shares a part of any damage it takes with its wielder.
   Dex:       It affects your dexterity (+3).
   Will:      It increases your willpower.
 o - the +10 whip of the Moon {antimagic, *Noise rElec Dex+6}
   (You found it on level 2 of the Dungeon)

   It reduces the magical energy of the wielder, and disrupts the spells and
   magical abilities of those it strikes.
   Natural abilities and divine invocations are not affected.
   Dex:       It affects your dexterity (+6).
   rElec:     It insulates you from electricity.
   *Noise:    It may make noises in combat.
 u - a +4 dagger of venom (weapon)
Missiles
 L - 2 throwing nets
Armour
 l - the +2 hat of the Bear Spirit {Spirit, *Rage Will++}
   (You found it on level 1 of the Vaults)

   Going berserk makes the wearer tougher, and they're slowed less afterward.
   *Rage:     It berserks you when you make melee attacks (+20% chance).
   Will:      It greatly increases your willpower.
 m - +3 storm dragon scales {Bai Suzhen}
 r - a +1 pair of gloves (worn)
 w - a +4 barding (worn)
 C - +0 acid dragon scales
 I - a +0 buckler (worn)
 K - a +2 hat of intelligence (worn)
 M - a +1 cloak (worn)
 V - a +3 leather armour of fire resistance (worn)
Jewellery
 c - an amulet of magic regeneration
 n - the ring "Wodwuche" (left hand) {rPois Str+6 Int+4}
   (You found it on level 1 of the Spider Nest)

   [ring of strength]

   Str:       It affects your strength (+6).
   Int:       It affects your intelligence (+4).
   rPois:     It protects you from poison.
 s - a ring of protection from fire
 z - a ring of willpower
 A - the ring "Daopev" (right hand) {+Blink rPois rN+ Int+6}
   (You bought it in a shop on level 9 of the Dungeon)

   [ring of intelligence]

   Int:       It affects your intelligence (+6).
   rPois:     It protects you from poison.
   rN:        It protects you from negative energy.
   +Blink:    It lets you blink.
 E - a ring of flight
 T - a ring of wizardry
Wands
 B - a wand of flame (22)
 D - a wand of mindburst (5)
 N - a wand of charming (37)
 O - a wand of roots (12)
Scrolls
 d - a scroll of poison
 g - 2 scrolls of magic mapping
 t - 2 scrolls of fog
 H - 3 scrolls of silence
Potions
 b - 2 potions of magic
 e - a potion of might
 f - 7 potions of invisibility
 h - 7 potions of mutation
 j - 7 potions of brilliance
 k - a potion of resistance
 F - 4 potions of berserk rage
 P - 3 potions of lignification
 R - 3 potions of ambrosia


   Skills:
 + Level 14.0 Fighting
 + Level 10.3 Armour
 - Level 7.1 Dodging
 - Level 9.2 Stealth
 - Level 4.0 Shields
 + Level 13.5 Spellcasting
 + Level 12.0 Conjurations
 - Level 4.9 Summonings
 + Level 7.0 Transmutations
 - Level 12.7 Fire Magic
 - Level 6.5 Ice Magic
 - Level 10.1 Air Magic
 - Level 3.9 Earth Magic
 + Level 9.4 Invocations


You had 17 spell levels left.
You knew the following spells:

 Your Spells              Type           Power      Damage    Failure   Level
a - Freeze                Ice            100%       1d10      1%          1
b - Frozen Ramparts       Ice            100%       1d16      1%          3
c - Summon Ice Beast      Ice/Summ       73%        N/A       1%          4
d - Airstrike             Air            46%        2d(7-23)  1%          4
e - Ozocubu's Armour      Ice            78%        N/A       1%          3
f - Orb of Destruction    Conj           50%        9d13      5%          7
g - Iron Shot             Conj/Erth      42%        9d8       4%          6

Your spell library contained the following spells:

 Spells                   Type           Power      Damage    Failure   Level
 Shock                    Conj/Air       100%       1d9       0%          1
 Kiss of Death            Conj/Necr      100%       2d13      1%          1
 Blink                    Tloc           66%        N/A       1%          2
 Ensorcelled Hibernation  Hex/Ice        100%       N/A       1%          2
 Momentum Strike          Conj/Tloc      100%       3d10      1%          2
 Sublimation of Blood     Necr           33%        N/A       1%          2
 Wereblood                Tmut           80%        N/A       1%          2
 Hailstorm                Conj/Ice       90%        3d18      1%          3
 Kindle Blastsparks       Fire/Tloc/Air  100%       2d18      1%          3
 Spider Form              Tmut/Pois      61%        N/A       1%          3
 Summon Guardian Golem    Hex/Summ       54%        N/A       1%          3
 Swiftness                Air            93%        N/A       1%          3
 Fulminant Prism          Conj/Hex       37%        3d17      1%          4
 Ice Form                 Ice/Tmut       79%        N/A       1%          4
 Iskenderun's Mystic Bla  Conj/Tloc      75%        2d15      1%          4
 Blade Hands              Tmut           40%        N/A       1%          5
 Iskenderun's Battlesphe  Conj           100%       2d15      1%          5
 Confusing Touch          Hex            33%        N/A       2%          3
 Gell's Gravitas          Tloc           33%        N/A       2%          3
 Lesser Beckoning         Tloc           66%        N/A       2%          3
 Portal Projectile        Hex/Tloc       66%        N/A       2%          3
 Teleport Other           Tloc           33%        N/A       2%          3
 Tukima's Dance           Hex            33%        N/A       2%          3
 Lee's Rapid Deconstruct  Erth           32%        3d16*     4%          5
 Anguish                  Hex/Necr       16%        N/A       9%          4
 Dispel Undead            Necr           33%        3d14      9%          4
 Summon Forest            Summ/Tloc      27%        N/A       9%          5
 Summon Mana Viper        Hex/Summ       54%        N/A       9%          5
 Summon Cactus Giant      Summ           34%        N/A       19%         6
 Spellforged Servitor     Conj/Summ      43%        N/A       22%         7
 Simulacrum               Ice/Necr       30%        N/A       34%         6
 Summon Hydra             Summ           34%        N/A       69%         7
 Dispersal                Tloc           16%        N/A       80%         6


Dungeon Overview and Level Annotations

Branches:
Dungeon (15/15)            Temple (1/1) D:6            Lair (5/5) D:11
  Swamp (4/4) Lair:3       Spider (4/4) Lair:3        Slime (0/5) Lair:5
    Orc (2/2) D:12            Elf (0/3) Orc:2        Vaults (1/5) D:13
 Depths (0/4) D:15          Sewer (visited)

Altars:
Ashenzari
Cheibriados
Dithmenos
Elyvilon
Fedhas
Gozag
Hepliaklqana
Kikubaaqudgha
Makhleb
Nemelex Xobeh
Okawaru
Qazlal
Ru
Sif Muna
Trog
Uskayaw
Vehumet
Wu Jian
Xom
Yredelemnul
Zin
The Shining One
Jiyva

Shops:
D:6 *   D:9 =   Orc:2 [:[[

Portals:
Trove: D:13 (give +3 gold dragon scales)

Annotations:
D:7 3 runed translucent doors, greasedhog's ghost, novice FoFi
D:8 1 runed translucent door, 2 transporters
D:13 3 runed translucent doors, Lassup's ghost, journeyman DjNe
D:15 Louise
Lair:2 2 transporters
Lair:3 2 transporters, Coawycapt's ghost, journeyman NaVM
Lair:5 1 runed translucent door
Spider:2 1 runed translucent door, Iich's ghost, adept MiFi


Innate Abilities, Weirdness & Mutations

Your serpentine skin is tough. (AC +6)
You have supernaturally acute eyesight. (SInv)
Armour fits poorly on your strangely shaped body.
Your system is resistant to poisons. (rPois)
You cover ground very slowly.
You can spit poison.
You can use your snake-like lower body to constrict enemies.
You are mostly covered in iridescent scales. (AC +4)
You are clumsy. (Dex -2)


Message History

You are confused.
You feel invigorated.
You constrict the thrashing horror!
You destroy the thrashing horror!
Cheibriados thoroughly appreciates the change of pace.
The unseen horror completely misses you.
The stone giant skeleton closely misses you.
The human hits you.
* * * LOW HITPOINT WARNING * * *
Your life force feels restored.
Your icy armour will break if you move.
Continue? [Y]es or [N]o only, please.
Your icy armour will break if you move.
Continue?
Okay, then.
The human hits you.
* * * LOW HITPOINT WARNING * * *
The stone giant skeleton hits you but does no damage.
The unseen horror hits you.
* * * LOW HITPOINT WARNING * * *
The raiju bites you but does no damage.
Unknown command.
You feel less invigorated.
You feel less confused. You block the unseen horror's attack.
You block the human's attack.
The stone giant skeleton barely misses you.
The raiju bites you but does no damage. The human barely misses you.
The raiju bites you but does no damage. You block the unseen horror's attack.
You fail to use your ability.
You kill the human!
Cheibriados thoroughly appreciates the change of pace.
The human's shape twists and changes as it dies.
The unseen horror barely misses you. The stone giant skeleton misses you.
The raiju barely misses you.
Activating: Slouch (2% risk of failure)
Press: ? - help, Dir - look around, f - activate You can feel time thicken for a moment.
You kill the unseen horror!
Cheibriados thoroughly appreciates the change of pace.
The stone giant skeleton hits you!
You die...

.. .#.#..# ... #.
. # ..# . ..#....
. ..
..###.#........
w.. .
#.....##...... #.
......>.#x#.. # #
#
.##...........##.#
# ##..# .
#....#.#....# .
#.. ....#.†.#....#
. ).#...#.
#h@....# .#
.#...#.Z....#.# ..
# ..........# ..#
. ....###..#.## .
. # #.# x ...### #
.#..# # . ..#.# .
...#


You could see a raiju and a stone giant skeleton.

Vanquished Creatures
  Mara (Swamp:4)
  the Lernaean hydra (Swamp:4)
  Bai Suzhen (Spider:4)
  Arachne (Spider:4)
  Jorgrun (Orc:1)
  A sphinx (D:15)
  A tentacled starspawn (Abyss:3)
  A revenant (Abyss:3)
  A fire giant (D:15)
  A fenstrider witch (Swamp:4)
  7 ghost moths
  A balrug (Abyss:3)
  6 emperor scorpions
  Aizul (Swamp:1)
  An orc warlord (Vaults:1)
  4 ghouls
  An ironbound preserver (Vaults:1)
  7 eleionomae
  8 bunyips
  Nessos (Orc:2)
  2 spark wasps
  Josephine (D:15)
  A yaktaur captain (Vaults:1)
  2 entropy weavers
  A ghost crab (Swamp:1)
  4 ogre magi
  18 hydras
  A radroach (Spider:1)
  A spriggan air mage (Swamp:4)
  Erolcha (Orc:2)
  5 centaur warriors
  A catoblepas (Lair:3)
  3 boulder beetles
  3 jorogumos
  2 tengu warriors (D:14)
  8 death yaks
  7 alligators
  A death scarab (Spider:1)
  19 two-headed ogres
  A thrashing horror (Abyss:3)
  A wretched star (Abyss:3)
  A sun demon (Abyss:3)
  A sun moth (Spider:2)
  10 pharaoh ants
  5 goliath frogs
  A death drake (shapeshifter) (D:13)
  4 deep trolls (Vaults:1)
  3 spriggan druids
  10 orb spiders
  6 bog bodies
  A wizard (D:15)
  2 large abominations (Abyss:3)
  10 swamp dragons
  5 orc knights
  4 lindwurms
  5 steelbarb worms
  A deep elf pyromancer (D:12)
  2 orc sorcerers
  3 will-o-the-wisps
  2 ugly things (D:13)
  10 wolf spiders
  2 manticores
  5 moths of wrath
  4 cyclopes
  6 torpor snails
  3 black mambas
  8 cane toads
  2 gargoyles (D:13)
  4 elephants
  10 demonic crawlers
  A cane toad (shapeshifter) (D:13)
  Psyche (D:12)
  2 kobold demonologists
  3 unseen horrors
  A yaktaur (shapeshifter) (D:13)
  3 rime drakes
  8 komodo dragons
  7 yaktaurs
  A bloated husk (Swamp:3)
  11 polar bears
  10 trolls
  6 meliai (Spider:4)
  20 hornets
  12 blink frogs
  Grinder (D:6)
  8 tyrant leeches
  5 slime creatures
  31 tarantellas
  6 raiju
  31 jumping spiders
  A spriggan (shapeshifter) (D:14)
  23 yaks
  2 vampires
  A shadow (D:8)
  20 culicivoras
  11 wyverns
  A nameless horror (D:5)
  13 spriggans
  9 wraiths
  A small abomination (Abyss:3)
  2 water elementals (D:11)
  A human (shapeshifter) (Abyss:3)
  6 basilisks
  Eustachio (D:4)
  A redback (shapeshifter) (D:13)
  56 redbacks
  Edmund (D:4)
  2 steam dragons
  6 wargs
  5 acid dragons
  14 swamp worms
  9 water moccasins
  12 hell hounds (Lair:5)
  8 swamp drakes
  An ice beast (D:7)
  18 orc warriors
  A sky beast (D:7)
  15 black bears
  20 ogres
  8 centaurs
  4 boggarts (D:14)
  15 wolves
  2 kobold brigands
  Blork the orc (D:4)
  11 bullfrogs
  3 scorpions
  2 necrophages
  5 wights
  4 killer bees
  2 howler monkeys
  5 electric eels
  3 jellies
  A hound (D:5)
  20 orc priests
  4 gnoll boudas
  7 iguanas
  20 orc wizards
  4 adders
  14 gnolls
  A river rat (Sewer)
  2 shadow imps
  6 white imps
  An ufetubus (D:5)
  A worm (Sewer)
  4 dart slugs
  75 orcs
  5 ball pythons
  6 bats
  11 endoplasms
  7 giant cockroaches
  3 goblins
  7 hobgoblins
  3 quokkas
  A jackal zombie (D:8)
  15 kobolds
  8 rats
980 creatures vanquished.

Vanquished Creatures (collateral kills)
  Gastronok (Lair:2)
  Donald (Spider:3)
  An emperor scorpion (Spider:4)
  2 hydras
  An ogre mage (Orc:2)
  A catoblepas (Lair:3)
  A two-headed ogre (Orc:2)
  3 pharaoh ants
  A spriggan druid (Swamp:3)
  2 swamp dragons
  A bog body (Swamp:1)
  2 orb spiders
  A shining eye (Abyss:3)
  A wolf spider (Spider:2)
  3 elephants (Lair:5)
  A gargoyle (D:12)
  A rime drake (Lair:3)
  A torpor snail (Lair:5)
  A cane toad (Lair:5)
  A yaktaur (Vaults:1)
  A komodo dragon (Lair:1)
  A hornet (Swamp:4)
  3 slime creatures (D:12)
  3 redbacks
  A vampire mosquito (D:10)
  A hell hound (Lair:5)
  3 water moccasins
  A black bear (Lair:5)
  An ogre (Orc:2)
  3 wolves (Lair:5)
  A necrophage (Swamp:1)
  A bullfrog (Lair:3)
  2 starcursed masses (Abyss:3)
  2 orc wizards
  An orc (Orc:2)
  A starspawn tentacle (Abyss:3)
53 creatures vanquished.

Vanquished Creatures (others)
  Nikola (Swamp:1)
  A torpor snail (Spider:1)
  A vampire mosquito (D:15)
  A redback (Spider:4)
  An ufetubus (D:5)
  An orc (D:11)
  4 foxfires
  43 fungi
  93 plants
  19 starspawn tentacles (Abyss:3)
165 creatures vanquished.

Grand Total: 1198 creatures vanquished

Notes
Turn   | Place    | Note
-------+----------+-------------------------------------------
     0 | D:1      | Shayle the Naga Ice Elementalist began the quest for the
                  | Orb.
     0 | D:1      | Reached XP level 1. HP: 15/15 MP: 3/3
   158 | D:1      | Reached XP level 2. HP: 24/24 MP: 3/5
   597 | D:1      | Found a faded altar of an unknown god.
   605 | D:1      | Reached XP level 3. HP: 30/30 MP: 6/6
   750 | D:2      | Reached skill level 1 in Fighting
   778 | D:2      | Learned a level 3 spell: Frozen Ramparts
   859 | D:2      | Identified the +10 whip of the Moon {antimagic, *Noise
                  | rElec Dex+6}
  1183 | D:3      | Reached XP level 4. HP: 26/38 MP: 2/7
  1399 | D:3      | Found a glowing drain.
  1404 | Sewer    | Entered a sewer
  1407 | Sewer    | Noticed a kobold brigand
  1418 | Sewer    | Killed a kobold brigand
  1419 | Sewer    | Reached XP level 5. HP: 29/45 MP: 3/9
  1566 | Sewer    | Reached skill level 2 in Fighting
  1783 | Sewer    | Gained mutation: You are clumsy. (Dex -2) [potion of
                  | mutation]
  1783 | Sewer    | Gained mutation: You are partially covered in iridescent
                  | scales. (AC +2) [potion of mutation]
  1783 | Sewer    | Gained mutation: You are mostly covered in iridescent
                  | scales. (AC +4) [potion of mutation]
  1850 | Sewer    | Reached skill level 4 in Fighting
  1850 | Sewer    | Reached skill level 5 in Dodging
  1850 | Sewer    | Reached XP level 6. HP: 58/58 MP: 3/15
  1851 | Sewer    | Reached skill level 5 in Fighting
  1851 | Sewer    | Reached skill level 5 in Conjurations
  1851 | Sewer    | Reached XP level 7. HP: 68/68 MP: 3/17
  2677 | D:4      | Noticed Eustachio
  2689 | D:4      | Killed Eustachio
  2690 | D:4      | Reached skill level 6 in Fighting
  2704 | D:4      | Noticed Blork the orc
  2713 | D:4      | Reached XP level 8. HP: 68/76 MP: 2/18
  2713 | D:4      | Killed Blork the orc
  2926 | D:4      | Noticed Edmund
  2937 | D:4      | Killed Edmund
  3583 | D:5      | Entered Level 5 of the Dungeon
  3854 | D:5      | Learned a level 4 spell: Summon Ice Beast
  3953 | D:5      | Noticed a yak
  3954 | D:5      | Noticed a yak
  3955 | D:5      | Noticed a yak
  3962 | D:5      | Noticed a nameless horror
  4240 | D:5      | Found a radiant altar of Vehumet.
  4333 | D:5      | Killed a yak
  4334 | D:5      | Reached XP level 9. HP: 67/84 MP: 15/20
  4352 | D:5      | Killed a nameless horror
  5155 | D:6      | Reached skill level 1 in Summonings
  5616 | D:6      | Found a staircase to the Ecumenical Temple.
  5637 | Temple   | Entered the Ecumenical Temple
  5652 | Temple   | Became a worshipper of Cheibriados the Contemplative
  5739 | D:6      | Found Bixirrut's General Store.
  5742 | D:6      | Noticed Grinder
  5746 | D:6      | Paralysed by Grinder for 2 turns
  5751 | D:6      | Killed Grinder
  6534 | D:7      | Reached XP level 10. HP: 91/92 MP: 4/21
  6645 | D:7      | Found a runed translucent gate.
  6645 | D:7      | Found a runed translucent gate.
  6645 | D:7      | Found a runed translucent gate.
  6645 | D:7      | Noticed greasedhog's ghost (novice FoFi)
  7039 | D:7      | Reached * piety under Cheibriados
  7393 | D:8      | Found a runed translucent door.
  7433 | D:8      | Found a basalt altar of Yredelemnul.
  7664 | D:8      | Found a stormy altar of Qazlal.
  7751 | D:8      | Learned a level 4 spell: Airstrike
  7760 | D:8      | Found a transporter.
  7773 | D:8      | Found a transporter.
  7931 | D:8      | Found a shimmering blue altar of Sif Muna.
  8116 | D:9      | Reached ** piety under Cheibriados
  8295 | D:9      | Noticed a kobold demonologist
  8307 | D:9      | Reached skill level 1 in Air Magic
  8310 | D:9      | Reached skill level 7 in Fighting
  8313 | D:9      | Killed a kobold demonologist
  8315 | D:9      | Noticed a cyclops
  8518 | D:9      | Reached XP level 11. HP: 72/100 MP: 4/22
  8678 | D:9      | Found Cerebin's Jewellery Shop.
  8696 | D:9      | Noticed a two-headed ogre
  8711 | D:9      | Reached *** piety under Cheibriados
  8790 | D:9      | Killed a two-headed ogre
  9252 | D:9      | Bought the ring "Daopev" {+Blink rPois rN+ Int+6} for 642
                  | gold pieces
  9428 | D:9      | Killed a cyclops
  9429 | D:9      | Reached skill level 5 in Fire Magic
  9527 | D:10     | Entered Level 10 of the Dungeon
  9666 | D:10     | Found a shimmering altar of Xom.
  9667 | D:10     | Found a hazy altar of Hepliaklqana.
  9740 | D:10     | Found an opulent altar of Gozag.
  9761 | D:10     | Noticed a two-headed ogre
  9772 | D:10     | Killed a two-headed ogre
 10188 | D:10     | Found a broken altar of Ashenzari.
 10188 | D:10     | Found a sparkling altar of Nemelex Xobeh.
 10192 | D:10     | Found a sacrificial altar of Ru.
 10407 | D:10     | Noticed a two-headed ogre
 10418 | D:10     | Killed a two-headed ogre
 10420 | D:10     | Noticed a manticore
 10429 | D:10     | Killed a manticore
 10446 | D:10     | Reached **** piety under Cheibriados
 10842 | D:11     | Reached XP level 12. HP: 77/110 MP: 1/24
 11137 | D:11     | Found a staircase to the Lair.
 11146 | Lair:1   | Entered Level 1 of the Lair of Beasts
 11175 | Lair:1   | Reached skill level 8 in Fighting
 11237 | Lair:1   | Reached ***** piety under Cheibriados
 11248 | Lair:1   | Learned a level 3 spell: Ozocubu's Armour
 11256 | Lair:1   | Learned a level 7 spell: Orb of Destruction
 12580 | Lair:2   | Found a transporter.
 12635 | Lair:2   | Noticed Gastronok
 12758 | Lair:2   | Found a transporter.
 12935 | Lair:2   | Identified the +3 leather armour of Vydyck {Harm Str+2
                  | Dex+3}
 13047 | Lair:2   | Killed Gastronok
 13600 | Lair:3   | Noticed a catoblepas
 13621 | Lair:3   | Killed a catoblepas
 13727 | Lair:3   | Reached skill level 5 in Air Magic
 13812 | Lair:3   | Found a transporter.
 13816 | Lair:3   | Found a transporter.
 13816 | Lair:3   | Noticed Coawycapt's ghost (journeyman NaVM)
 13842 | Lair:3   | Noticed a catoblepas
 13975 | Lair:3   | Killed a catoblepas
 14056 | Lair:3   | Gained mutation: You can use your snake-like lower body to
                  | constrict enemies. [Naga growth]
 14056 | Lair:3   | Reached XP level 13. HP: 81/120 MP: 4/26
 14238 | Lair:3   | Found a hole to the Spider Nest.
 14721 | Lair:3   | Reached skill level 9 in Fighting
 14878 | Lair:3   | Found a staircase to the Swamp.
 15252 | Lair:4   | Identified a scroll of acquirement
 15252 | Lair:4   | Acquired 1192 gold pieces
 16024 | Lair:5   | Entered Level 5 of the Lair of Beasts
 16152 | Lair:5   | Reached skill level 5 in Armour
 16224 | Lair:5   | Reached ****** piety under Cheibriados
 16698 | Lair:5   | Reached XP level 14. HP: 116/130 MP: 1/27
 16797 | Lair:5   | Reached skill level 10 in Spellcasting
 17233 | Lair:5   | Found a runed translucent door.
 17329 | Lair:5   | Reached skill level 10 in Fighting
 17836 | Lair:5   | Found a staircase to the Slime Pits.
 17836 | Lair:5   | Found a viscous altar of Jiyva.
 19040 | D:12     | Noticed Psyche
 19768 | D:11     | Reached skill level 10 in Conjurations
 19790 | D:11     | Found an ornate altar of the Wu Jian Council.
 20418 | D:13     | Found a portal to a secret trove of treasure.
 20512 | D:13     | Found a gate to the Vaults.
 20619 | D:13     | Reached skill level 1 in Shields
 20772 | D:13     | Found a runed translucent gate.
 20772 | D:13     | Found a runed translucent gate.
 20772 | D:13     | Found a runed translucent gate.
 20773 | D:13     | Found an ancient bone altar of Kikubaaqudgha.
 20773 | D:13     | Noticed a lich
 20774 | D:13     | Noticed Lassup's ghost (journeyman DjNe)
 20774 | D:13     | Noticed a lich
 20775 | D:13     | Noticed a lich
 20775 | D:13     | Noticed a lich
 21577 | D:12     | Reached XP level 15. HP: 96/140 MP: 17/29
 21746 | D:12     | Killed Psyche
 22072 | D:12     | Found a staircase to the Orcish Mines.
 22184 | Orc:1    | Entered Level 1 of the Orcish Mines
 22777 | Orc:2    | Entered Level 2 of the Orcish Mines
 22777 | Orc:2    | Found a staircase to the Elven Halls.
 22947 | Orc:2    | Noticed Jorgrun
 22947 | Orc:2    | Noticed Nessos
 22964 | Orc:1    | Killed Jorgrun
 23077 | Orc:2    | Killed Nessos
 23862 | Orc:2    | Reached skill level 11 in Fighting
 24154 | Orc:2    | Noticed Erolcha
 24159 | Orc:2    | Killed Erolcha
 24579 | Orc:2    | Found Onwom's Book Shoppe.
 24579 | Orc:2    | Found Lighir's Antique Armour Shop.
 24580 | Orc:2    | Found Site Ehirr's Antique Armour Shoppe.
 24580 | Orc:2    | Found Fodwuo's Armour Boutique.
 24590 | Orc:2    | Paralysed by an ogre mage for 5 turns
 24744 | Orc:2    | Bought a +3 leather armour of fire resistance for 312 gold
                  | pieces
 25527 | D:14     | Identified the +8 falchion of Woxem {spect, Will+ Dex+3}
 25676 | D:14     | You fall into a shaft and drop 1 floor!
 25676 | D:15     | Entered Level 15 of the Dungeon
 25681 | D:15     | Noticed Louise
 25693 | D:15     | Found a staircase to the Depths.
 25725 | D:15     | Noticed Josephine
 25731 | D:15     | Killed Josephine
 26122 | D:15     | Noticed a sphinx
 26134 | D:15     | Killed a sphinx
 26147 | D:15     | Reached skill level 10 in Fire Magic
 26760 | Swamp:1  | Entered Level 1 of the Swamp
 26866 | Swamp:1  | Noticed Nikola
 26918 | Swamp:1  | Noticed Aizul
 27061 | Swamp:1  | Killed Aizul
 27062 | Swamp:1  | Reached XP level 16. HP: 137/151 MP: 10/31
 27273 | Lair:1   | Learned a level 6 spell: Iron Shot
 27370 | Spider:1 | Entered Level 1 of the Spider Nest
 27883 | Spider:1 | Identified the ring "Wodwuche" {rPois Str+6 Int+4}
 30153 | Spider:1 | Reached skill level 12 in Fighting
 30508 | Spider:2 | Identified the +6 quarterstaff "Duniad" {heavy, +Blink
                  | Str+2 Dex-2}
 30840 | Spider:2 | Found a runed translucent door.
 30860 | Spider:2 | Noticed Iich's ghost (adept MiFi)
 31493 | Spider:2 | Reached skill level 10 in Air Magic
 32756 | Spider:3 | Noticed Donald
 33063 | Spider:3 | Reached skill level 1 in Transmutations
 33063 | Spider:3 | Reached XP level 17. HP: 156/160 MP: 15/33
 34570 | Swamp:1  | Killed Nikola
 35949 | Swamp:2  | Reached skill level 1 in Invocations
 38128 | Swamp:4  | Entered Level 4 of the Swamp
 38296 | Swamp:4  | Noticed Mara
 38298 | Swamp:4  | Noticed Shayle's illusion
 38437 | Swamp:4  | Killed Mara
 38438 | Swamp:4  | Reached skill level 13 in Fighting
 39156 | Swamp:4  | Reached skill level 5 in Invocations
 40031 | Swamp:4  | Reached XP level 18. HP: 161/171 MP: 7/34
 40077 | Swamp:4  | Noticed the 27-headed Lernaean hydra
 40212 | Swamp:4  | Killed the 27-headed Lernaean hydra
 40213 | Swamp:4  | Reached skill level 5 in Transmutations
 40918 | Swamp:4  | Got a decaying rune of Zot
 41773 | Spider:3 | Killed Donald
 42093 | Spider:3 | Identified the +1 chain mail of the Arcane {rN+ Will++}
 42558 | Spider:4 | Entered Level 4 of the Spider Nest
 42745 | Spider:4 | Noticed Bai Suzhen
 42959 | Spider:4 | Killed Bai Suzhen
 43179 | Spider:4 | Noticed Arachne
 43208 | Spider:4 | Killed Arachne
 45483 | Spider:4 | Got a gossamer rune of Zot
 45626 | Spider:4 | Reached skill level 10 in Armour
 46201 | Vaults:1 | Entered Level 1 of the Vaults
 46734 | Vaults:1 | Found the +2 hat of the Bear Spirit {Spirit, *Rage Will++}
 46855 | Vaults:1 | Reached XP level 19. HP: 47/181 MP: 31/36
 47886 | Abyss:3  | Cast into level 3 of the Abyss (Louise)
 48022 | Abyss:3  | Reached skill level 14 in Fighting
 48225 | Abyss:3  | Noticed a bone dragon
 48231 | Abyss:3  | Slain by a stone giant skeleton

Illustrated notes

Levels and vault maps discovered:
D:1:      spicycebolla_arrival_clurvy, layout_basic,
          chequers_ecumenical_altar_twisty
D:2:      layout_rooms, chequers_serial_rivers_micro_d, minmay_domino_4
D:3:      layout_basic, portal_sewer_entry_e
D:4:      layout_loops_ring, uniq_eustachio, uniq_edmund, uniq_blork_the_orc
D:5:      layout_cave_pools, fiery_altar_vehumet, serial_co_window_serial,
          co_window_corner_a, co_window_corner_a, co_window_paths_b,
          co_window_corner_a, co_window_corner_a, co_window_paths_b,
          co_window_corner_b, co_window_broadway_b, co_window_unsneaky_path_d,
          co_window_unsneaky_path_a, co_window_of_opportunity_b,
          co_window_broadway_c, co_window_corner_cb, co_window_paths_e
D:6:      nicolae_cairo_tiling_very_big, layout_basic,
          minmay_temple_entry_statues_fountains, serial_shops,
          nicolae_shop_advertising_works [nicolae_subvault_shop_adworks],
          uniq_grinder
D:7:      layout_basic, gammafunk_ghost_nasty_kobolds, serial_rivers,
          chequers_serial_rivers_large_b, chequers_serial_rivers_small_3,
          chequers_serial_rivers_micro_b, chequers_serial_rivers_room_b,
          minmay_quadrilaterals
D:8:      layout_cave_pools, dk_yredelemnul_ordeal,
          mainiacjoe_overflow_large_starburst, gammafunk_ghost_smash
D:9:      minmay_bloctagon, layout_loops_ring, serial_shops, shop
D:10:     layout_long_grid, regret_index_temple_of_mockery,
          mainiacjoe_overflow_concentric_impassable, minitemple,
          minmay_joined_circles
D:11:     layout_basic, minmay_lair_entry_grove, corexii_leaking_fountain,
          pdpol_wu_jian_five_deadly_venoms
D:12:     layout_cave_pools, erik_orc_4, uniq_psyche
D:13:     layout_rooms, david_vaults_2, enter_trove_2, gammafunk_ghost_crypt
D:14:     layout_roguey, infiniplex_staircase_zigzag_3
D:15:     grunt_enter_depths_giant_problem, layout_loops_ring,
          chequers_arboretum, kennysheep_four_rooms, uniq_louise, uniq_josephine
Temple:   hellmonk_temple_two_chambers
Lair:1:   layout_roguey, wad_woods_01, grunt_megastairs_1
Lair:2:   gammafunk_cloud_chamber, layout_misc_corridors, minmay_hedge_maze,
          st_stairs_12, infiniplex_staircase_pool, grunt_megastairs_5,
          uniq_gastronok
Lair:3:   layout_roguey, palyth_hydra_swamp_entry,
          hellmonk_spider_entry_life_and_decay, gammafunk_ghost_hive
Lair:4:   layout_gridlike, lemuel_fruit_fields
Lair:5:   hangedman_lair_caniforms_friends, layout_regular_city, wormcave,
          slime_entry_1
Swamp:1:  layout_falls_marsh, evilmike_swamp_ruin_house_5, swamp_pool4,
          uniq_aizul, uniq_nikola
Swamp:2:  layout_falls_marsh, serial_swamp_ruin, evilmike_swamp_ruin_rubble_1,
          evilmike_swamp_ruin_rubble_2, evilmike_swamp_ruin_wall
Swamp:3:  layout_basic_swamp, nicolae_swamp_feature_on_the_river_bank
Swamp:4:  swamp_old_school, layout_basic_swamp, nicolae_swamp_bunyip_nook,
          uniq_mara
Spider:1: nicolae_spider_hilbert_zone_2 [nicolae_spider_hilbert_4_sides_1_open,
          nicolae_spider_hilbert_4_sides_1_open,
          nicolae_spider_hilbert_4_sides_1_open,
          nicolae_spider_hilbert_4_sides_1_open,
          nicolae_spider_hilbert_6_sides_1_open,
          nicolae_spider_hilbert_6_sides_1_open,
          nicolae_spider_hilbert_3_sides_1_open,
          nicolae_spider_hilbert_3_sides_1_open,
          nicolae_spider_hilbert_3_sides_1_open,
          nicolae_spider_hilbert_3_sides_1_open,
          nicolae_spider_hilbert_6_sides_1_open,
          nicolae_spider_hilbert_6_sides_1_open,
          nicolae_spider_hilbert_6_sides_1_open,
          nicolae_spider_hilbert_6_sides_1_open],
          nicolae_spider_not_touching_you
Spider:2: layout_spider_delve, ebering_ghost_inner_flame, drop_trap
Spider:3: layout_spider_delve, uniq_donald
Spider:4: spider_rune_water, portal_ice_cave_entry_pillars_four,
          nicolae_spider_twisty_arc_passages, uniq_arachne, uniq_bai_suzhen
Orc:1:    layout_caves, mines1_david
Orc:2:    st_orc_ogre_mass, layout_caves, nicolae_orc_bridge_out, uniq_jorgrun,
          uniq_nessos, uniq_erolcha
Vaults:1: grunt_vaults_hallway_long, v_misc_14, hangedman_vaults_cutoff,
          hangedman_vaults_stitches, nicolae_vaults_specimen_jars, v_misc_2,
          ontoclasm_vaults_ring_square, vaults_room_hallway, v_misc_24,
          vaults_room_fours, layout_vaults_omnigrid
Abyss:3:  base: Swamp:3, patterned_corridor,
          grunt_abyss_rune_forest_and_sorcery, hangedman_abyss_overflow_altar

Skill      XL: |  1  2  3  4  5  6  7  8  9 10 11 12 13 14 15 16 17 18 19 |
---------------+----------------------------------------------------------+-----
Fighting       | 1 4 5 6 7 8 9 10 11 12 13 14 | 14.0
Dodging        | 2 5 6 7 |  7.1
Stealth        | 4 7 8 9 |  9.2
Spellcasting   | 6 7 8 9 10 11 12 13 | 13.5
Ice Magic      | 6 |  6.5
Earth Magic    | 3 |  3.9
Armour         | 2 3 5 6 7 8 9 10 | 10.3
Conjurations   | 5 6 7 8 9 10 11 12 | 12.0
Fire Magic     | 3 4 5 6 8 9 10 11 12 | 12.7
Summonings     | 1 3 4 |  4.9
Air Magic      | 1 3 5 6 8 9 10 | 10.1
Shields        | 1 4 |  4.0
Transmutations | 1 4 6 7 |  7.0
Invocations    | 5 8 9 |  9.4

Action                   |  1- 3 |  4- 6 |  7- 9 | 10-12 | 13-15 | 16-18 | 19-21 || total
-------------------------+-------+-------+-------+-------+-------+-------+-------++-------
Melee: Short sword       |    20 |       |       |       |       |       |       ||    20
       Unarmed           |     4 |       |       |       |       |       |       ||     4
       Whip              |     8 |    47 |    81 |   403 |   356 |     8 |       ||   903
       Punch             |       |       |     4 |    11 |    13 |       |       ||    28
       Dagger            |       |       |   144 |       |   241 |    31 |    67 ||   483
       Constrict         |       |       |       |       |   176 |   166 |    18 ||   360
       Falchion          |       |       |       |       |    45 |   472 |    14 ||   531
 Cast: Freeze            |    16 |       |       |       |       |       |       ||    16
       Frozen Ramparts   |       |       |    22 |    62 |    57 |    76 |     5 ||   222
       Summon Ice Beast  |       |       |       |    14 |    28 |    55 |       ||    97
       Ozocubu's Armour  |       |       |       |     1 |    13 |     5 |     2 ||    21
       Orb of Destructio |       |       |       |       |    73 |   121 |     9 ||   203
       Airstrike         |       |       |       |       |    31 |   163 |     3 ||   197
       Iron Shot         |       |       |       |       |       |    22 |    14 ||    36
Invok: Step From Time    |       |       |       |       |       |     1 |     1 ||     2
       Slouch            |       |       |       |       |       |     1 |     3 ||     4
       Temporal Distorti |       |       |       |       |       |       |     1 ||     1
 Abil: Spit Poison       |    22 |       |    14 |     9 |    16 |     3 |       ||    64
       Evoke Blink       |       |       |       |       |       |       |     2 ||     2
Evoke: Wand              |       |       |     3 |     5 |     7 |    27 |     3 ||    45
  Use: Potion            |       |     6 |       |     2 |    10 |    21 |     5 ||    44
       Scroll            |       |     5 |    13 |     7 |    14 |    17 |     6 ||    62
 Stab: Sleeping          |     2 |     3 |    13 |     4 |     2 |     5 |       ||    29
       Distracted        |       |       |       |       |     6 |    12 |     2 ||    20
Armor: Robe              |    11 |     9 |   129 |   262 |   580 |       |       ||   991
       Leather armour    |       |       |       |       |    86 |   761 |   136 ||   983
Dodge: Dodged            |    22 |    19 |   125 |   333 |   810 |   651 |   121 ||  2081
Block: Buckler           |       |       |       |       |       |   369 |    65 ||   434

Table legend: (Time is in decaauts)
 A = Elapsed time spent in this place.
 B = Non-inter-level travel time spent in this place.
 C = Inter-level travel time spent in this place.
 D = Time resting spent in this place.
 E = Time spent auto-exploring this place.
 F = Levels seen in this place.
 G = Mean time per level.
                   A        B        C        D        E       F      G
               +--------+--------+--------+--------+--------+-----+--------+
         Total |  77639 |  70824 |   6815 |  17267 |  37131 |  34 | 2283.5 |
       Dungeon |  24662 |  22894 |   1768 |   3605 |  13541 |  15 | 1644.1 |
        Temple |     34 |     34 |      0 |      0 |      0 |   1 |   34.0 |
          Lair |  16730 |  13735 |   2995 |   2421 |   8326 |   5 | 3346.0 |
         Swamp |  10920 |  10381 |    539 |   2526 |   6003 |   4 | 2730.0 |
   Spider Nest |  17697 |  16405 |   1292 |   6464 |   6215 |   4 | 4424.2 |
  Orcish Mines |   4506 |   4288 |    218 |   1206 |   2068 |   2 | 2253.0 |
        Vaults |   2009 |   2009 |      0 |    742 |    842 |   1 | 2009.0 |
         Abyss |    512 |    512 |      0 |    133 |      0 |   1 |  512.0 |
         Sewer |    566 |    566 |      0 |    167 |    133 |   1 |  566.0 |
               +--------+--------+--------+--------+--------+-----+--------+

Top non-repeatable levels by time:
Spider:1: 5140 daAuts
  Lair:3: 4933 daAuts
Spider:4: 4870 daAuts
Spider:2: 4783 daAuts
 Swamp:4: 4668 daAuts
  Lair:5: 4570 daAuts
  Lair:1: 3093 daAuts
    D:13: 3037 daAuts
Spider:3: 2903 daAuts
    D:11: 2658 daAuts
   Orc:2: 2546 daAuts
     D:9: 2515 daAuts
 Swamp:3: 2416 daAuts
  Lair:4: 2117 daAuts
    D:10: 2022 daAuts
